Map: Buried Caverns

Players

Raynar - Winner!

  • Race: Protoss Protoss
  • Spawn Location: 5:00

SlushyStar - Winner!

  • Race: Terran Terran
  • Spawn Location: 3:00

Throwfordays - Winner!

  • Race: Zerg Zerg
  • League: Silver
  • Spawn Location: 3:00

VOD

Have the link to the VOD?

Description

Time

  • Played on: April 26, 2019, 2:09 p.m.
  • Length: 11:01
Show
View Real Time Build Order
Export as new Build Order

Raynar Protoss - Winner!

Build Orders:  

Get SALT Encoding   

  12  0:00  Probe (Chrono Boost)  
  13  0:11  Probe (Chrono Boost)  
  14  0:25  Pylon  
  14  0:33  Probe (Chrono Boost)  
  15  0:51  Gateway  
  15  0:55  Probe (Chrono Boost)  
  16  1:12  Probe (Chrono Boost)  
  16  1:14  Pylon  
  17  1:29  Probe (Chrono Boost)  
  18  1:55  Nexus  
  18  2:08  Cybernetics Core  
  18  2:15  Probe (Chrono Boost)  
  19  2:21  Zealot  
  21  2:32  Probe (Chrono Boost)  
  22  2:46  Forge  
  22  2:52  Pylon  
  22  2:57  Pylon  
  22  3:06  Probe (Chrono Boost)  
  23  3:22  Assimilator  
  23  3:23  Probe (Chrono Boost)  
  25  3:40  Probe (Chrono Boost)  
  25  3:43  Probe (Chrono Boost)  
  26  3:54  Probe (Chrono Boost)  
  26  3:57  Probe (Chrono Boost)  
  28  4:04  Zealot  
  28  4:08  Probe (Chrono Boost)  
  31  4:14  Probe (Chrono Boost)  
  31  4:16  Assimilator  
  33  4:31  Probe (Chrono Boost)  
  33  4:35  Probe (Chrono Boost)  
  34  4:47  Protoss Ground Weapons Level 1  
  34  4:48  Probe (Chrono Boost)  
  35  4:52  Probe (Chrono Boost)  
  36  5:04  Pylon  
  36  5:09  Probe (Chrono Boost)  
  37  5:18  Gateway  
  37  5:21  Gateway  
  37  5:26  Probe (Chrono Boost)  
  37  5:27  Pylon, Gateway, Warp Gate  
  38  5:31  Gateway  
  38  5:42  Twilight Council  
  38  5:43  Pylon, Probe (Chrono Boost)  
  39  5:55  Probe (Chrono Boost)  
  40  6:03  Assimilator  
  40  6:06  Probe (Chrono Boost)  
  40  6:08  Probe (Chrono Boost)  
  44  6:20  Probe (Chrono Boost)  
  44  6:25  Probe (Chrono Boost)  
  44  6:37  Probe (Chrono Boost)  
  46  6:42  Probe (Chrono Boost)  
  46  6:48  Zealot x2  
  46  6:49  Zealot x3  
  56  7:12  Probe (Chrono Boost)  
  57  7:29  Probe (Chrono Boost)  
  58  7:33  Stalker x3  
  58  7:35  Sentry  
  58  7:38  Protoss Ground Weapons Level 2, Stalker  
  68  7:46  Charge, Probe (Chrono Boost)  
  69  8:03  Probe (Chrono Boost)  
  70  8:13  Sentry x2  
  70  8:19  Probe (Chrono Boost)  
  76  8:30  Probe (Chrono Boost)  
  76  8:31  Probe (Chrono Boost)  
  77  8:42  Probe (Chrono Boost)  
  77  8:47  Probe (Chrono Boost)  
  79  8:52  Robotics Facility x2  
  79  8:57  Pylon  
  79  8:59  Pylon  
  77  9:04  Zealot x3, Probe (Chrono Boost)  
  77  9:05  Zealot  
  87  9:32  Probe (Chrono Boost)  
  87  9:38  Assimilator  
  87  9:52  Warp Prism  
  87  10:01  Immortal  
Show
View Real Time Build Order
Export as new Build Order

SlushyStar Terran - Winner!

Build Orders:  

Get SALT Encoding   

  12  0:09  SCV  
  13  0:29  Supply Depot  
  13  0:33  SCV  
  14  0:50  SCV  
  15  1:07  Refinery  
  15  1:26  Barracks  
  15  1:27  SCV  
  16  1:44  SCV  
  17  1:54  Refinery  
  17  2:01  SCV  
  18  2:18  SCV  
  19  2:52  Factory  
  19  2:59  Barracks Reactor  
  19  3:06  SCV  
  20  3:23  SCV  
  21  3:40  SCV  
  21  3:45  Command Center  
  22  3:53  Marine  
  23  4:17  Supply Depot  
  23  4:45  Factory Tech Lab  
  23  4:47  Marine x2, SCV  
  23  4:49  Supply Depot  
  26  5:03  Starport  
  26  5:04  SCV  
  29  5:22  Supply Depot  
  27  6:05  SCV  
  28  6:22  SCV  
  28  6:29  Siege Tank  
  32  6:34  SCV  
  32  6:38  SCV  
  34  6:51  SCV  
  34  6:52  Marine x2  
  34  6:55  SCV  
  38  7:08  SCV  
  39  7:14  Siege Tank  
  39  7:17  Marine x2  
  44  7:25  SCV  
  45  7:42  Marine x2, SCV  
  48  7:59  Siege Tank  
  51  8:02  Medivac  
  51  8:07  Marine x2  
  55  8:28  Barracks  
  55  8:32  Marine x2  
  55  8:35  SCV  
  58  8:44  Refinery, Cyclone  
  61  8:50  Starport Tech Lab  
  61  8:57  Marine  
  61  9:44  Cyclone  
  61  9:52  Siege Tank x3  
Show
View Real Time Build Order
Export as new Build Order

Throwfordays Zerg - Winner!

Build Orders:  

Get SALT Encoding   

  12  0:01  Drone  
  13  0:19  Overlord  
  13  0:25  Drone  
  14  0:45  Drone x2  
  16  1:13  Hatchery  
  16  1:18  Drone  
  16  1:23  Drone  
  17  1:47  Spawning Pool  
  16  1:56  Drone  
  16  1:57  Drone  
  16  1:59  Drone  
  19  2:04  Extractor  
  18  2:19  Drone  
  19  2:26  Extractor  
  19  2:27  Drone  
  19  2:45  Drone  
  20  2:53  Queen  
  20  2:55  Drone  
  23  3:03  Drone  
  24  3:15  Queen, Drone  
  27  3:20  Zergling x2  
  28  3:30  Overlord  
  28  3:33  Overlord  
  28  3:55  Zergling x2  
  28  3:59  Drone x2  
  31  4:11  Zergling x2  
  31  4:17  Drone  
  33  4:22  Zergling x2  
  33  4:26  Zergling x2  
  33  4:28  Metabolic Boost  
  35  4:30  Zergling x8  
  39  4:51  Zergling x8  
  39  4:54  Zergling x2  
  44  5:04  Overlord  
  44  5:07  Overlord  
  44  5:24  Overlord  
  44  5:27  Overlord  
  44  5:28  Overlord  
  44  5:41  Drone  
  44  5:45  Drone x2  
  44  5:46  Drone x2  
  49  6:09  Drone x2  
  38  6:36  Drone x2  
  38  6:37  Drone x2  
  41  6:45  Drone  
  41  6:49  Zergling x6  
  45  6:50  Zergling x6  
  45  6:56  Drone  
  49  7:01  Drone x2  
  51  7:31  Evolution Chamber  
  51  7:33  Evolution Chamber  
  51  7:37  Zergling x6  
  51  7:38  Zergling x4  
  54  7:45  Hatchery  
  54  7:46  Zergling x8  
  57  7:51  Overlord  
  57  7:53  Lair  
  57  8:02  Zergling x2  
  58  8:14  Zerg Melee Weapons Level 1  
  58  8:15  Zerg Ground Armor Level 1  
  58  8:21  Zergling x4  
  58  8:24  Zergling x4  
  58  8:25  Zergling x2  
  63  8:34  Zergling x6  
  63  8:35  Zergling x2  
  67  8:44  Drone  
Tags
 
League
Silver
Matchup
Co-op
Replay Pack
Multiplayer
Add a new tag
Caveats
  • Supply blocks, unpowered buildings, or Contaminate may cause inaccurate times.
  • Supply counts are checked every 10 seconds.